 Dungeon Crawl Stone Soup version 0.27-a0-1119-gbf574a6a6b (webtiles) character file.

Game seed: 7790438154442661704

159 Zeld the Chucker (level 5, -5/36 HPs)
             Began as an Octopode Fighter on May 2, 2021.
             Slain by a gnoll
             ... wielding a +1 spear of freezing
              (12 damage)
             ... on level 3 of the Dungeon.
             The game lasted 00:05:42 (3529 turns).

Zeld the Chucker (Octopode Fighter)                 Turns: 3529, Time: 00:05:42

Health: -5/36      AC:  1    Str: 17    XL:     5   Next: 40%
Magic:  5/5        EV: 11    Int: 10    God:
Gold:   130        SH:  9    Dex: 11    Spells: 4/4 levels left

rFire    . . .     SeeInvis .   a - +0 war axe
rCold    . . .     Faith    .   b - +0 kite shield
rNeg     . . .     Spirit   .   (helmet restricted)
rPois    .         Reflect  .   (no amulet)
rElec    .         Harm     .   (no ring)
rCorr    .         Rampage  .   (no ring)
Will     .....                  (no ring)
Stlth    ++........             (no ring)
HPRegen  0.12/turn              (no ring)
MPRegen  0.09/turn              (no ring)
                                (no ring)
                                (no ring)

@: no status effects
A: almost no armour, amphibious, 8 rings, camouflage 1, gelatinous body 1,
(nimble swimmer 1), tentacles
a: no special abilities


You were on level 3 of the Dungeon.
You visited 1 branch of the dungeon, and saw 3 of its levels.

You collected 130 gold pieces.

Inventory:

Hand Weapons
 a - a +0 war axe (weapon)
Missiles
 e - 4 atropa-tipped darts
 i - 3 boomerangs (quivered)
Armour
 b - a +0 kite shield (worn)
Scrolls
 d - a scroll of fear {unknown}
 f - a scroll of identify {unknown}
Potions
 c - a potion of lignification {unknown}
 g - a potion of heal wounds {unknown}
 h - a potion of haste {unknown}
 j - a potion of cancellation {unknown}


   Skills:
 - Level 3.4 Fighting
 - Level 2.6 Axes
 * Level 3.9 Throwing
 - Level 3.0 Dodging
 - Level 3.4 Shields


You had 4 spell levels left.
You didn't know any spells.
Your spell library contained the following spells:

 Spells                   Type           Power      Damage    Failure   Level
 Beastly Appendage        Tmut           0%         N/A       86%         1
 Shock                    Conj/Air       0%         1d3       86%         1
 Wereblood                Tmut           0%         N/A       95%         2
 Spider Form              Tmut/Pois      0%         N/A       99%         3
 Ice Form                 Ice/Tmut       0%         N/A       100%        4
 Hydra Form               Tmut           0%         N/A       100%        5


Dungeon Overview and Level Annotations

Branches:
Dungeon (3/15)

Altars:
Sif Muna
Trog

Shops:
D:1 :


Innate Abilities, Weirdness & Mutations

You cannot wear most types of armour.
You are amphibious.
You can wear up to eight rings at the same time.
Your skin changes colour to match your surroundings (Stealth+).
Your rubbery body absorbs attacks. (AC +1, EV +1)
((You are camouflaged near water. (Stealth+)))
You have tentacles for arms and can constrict up to eight enemies at once.


Message History

The jackal barks! x2
You slash the jackal!
You kill the jackal!
The jackal bites you.
You barely miss the jackal. Your grab misses the jackal.
You block the jackal's attack. The jackal barely misses you.
You barely miss the jackal. Your grab misses the jackal.
The jackal barely misses you. x2; The jackal bites you.
You barely miss the jackal. Your grab misses the jackal. The jackal bites you.
The jackal barely misses you.
You hit the jackal.
You kill the jackal!
No target in view!
No target in view!
You see here a jackal corpse.
You see here a +2 spear.
Key pressed, stopping explore.
There is an empty arch of ancient stone here.
A gnoll comes into view. It is wielding a +1 spear of freezing.
There are monsters nearby!
There are monsters nearby!
There are monsters nearby!
The gnoll shouts! x2
The gnoll closely misses you.
You closely miss the gnoll. Your grab misses the gnoll.
You block the gnoll's attack.
The gnoll hits you with a +1 spear of freezing!
The gnoll freezes you.
You barely miss the gnoll. You grab the gnoll. You constrict the gnoll.
The gnoll hits you with a +1 spear of freezing.
The gnoll freezes you.
The gnoll hits you from afar with a +0 halberd.
The gnoll completely misses you.
The gnoll hits you with a +1 spear of freezing!
* * * LOW HITPOINT WARNING * * *
The gnoll freezes you.
* * * LOW HITPOINT WARNING * * *
You release your grip on the gnoll.
The gnoll hits you from afar with a +1 spear of freezing!
You die...

....................####.........
....#...÷.†.#.#............##..#.
....#.......#.#.....####...##....
....##....†#####..(.# ###.#...##
#######...###..##...####.....†.#
###.###_..##..##....[..#.#
########..##....#####.#..##.#.#
#.....##...###...####.#..##.#.#
#.....#.....###@..##....###.#.##
#.....#..#...#∩#.g.#>...........
#........##...###g............>.
#....)....##[..###........>.....
#.....##.####....##.....).......
#.....##.#####.)_###.###.####.##
#.)...#....# ##..##.##.†.# #.#
#.<)..#....# ####..#..######.#
#######....# #.#####.........#


You could see 2 gnolls.

Vanquished Creatures
  Ijyb (D:3)
  2 gnolls (D:3)
  3 adders
  A white imp (D:3)
  2 dart slugs
  5 orcs (D:3)
  4 bats
  2 endoplasms
  2 giant cockroaches
  4 hobgoblins
  23 jackals
  5 kobolds
  2 quokkas (D:3)
  3 ball pythons
  4 goblins
  3 rats
66 creatures vanquished.

Notes
Turn   | Place    | Note
-------+----------+-------------------------------------------
     0 | D:1      | Zeld the Octopode Fighter began the quest for the Orb.
     0 | D:1      | Reached XP level 1. HP: 16/16 MP: 1/1
    26 | D:1      | Found Laquguc's Book Boutique.
   210 | D:1      | Reached XP level 2. HP: 21/21 MP: 2/2
   890 | D:1      | Found a faded altar of an unknown god.
   895 | D:1      | Reached XP level 3. HP: 23/26 MP: 3/3
  1434 | D:2      | Reached skill level 1 in Throwing
  1857 | D:2      | Reached XP level 4. HP: 29/31 MP: 4/4
  2195 | D:3      | Found a bloodstained altar of Trog.
  2244 | D:3      | Found a shimmering blue altar of Sif Muna.
  2250 | D:3      | Identified Sif Muna's Reference Book on Flight
  2376 | D:3      | Noticed Ijyb
  2851 | D:3      | Killed Ijyb
  2852 | D:3      | Reached XP level 5. HP: 8/36 MP: 5/5
  3529 | D:3      | Slain by a gnoll

Illustrated notes

Levels and vault maps discovered:
D:1:      denvon_arrival_hothouse, layout_basic, serial_shops,
          nicolae_shop_waterfront, ebering_ecumenical_altar_box
D:2:      layout_loops_corners, grunt_decor_cap
D:3:      layout_rooms, nzn_overflow_gifts_of_might_and_magic,
          hangedman_decor_growths, uniq_ijyb

Skill      XL: |  1  2  3  4 |
---------------+-------------+-----
Throwing       | 1 3 |  3.9
Fighting       | |  3.4
Axes           | |  2.6
Dodging        | |  3.0
Shields        | |  3.4

Action                   |  1- 3 |  4- 6 || total
-------------------------+-------+-------++-------
Melee: War axe           |    58 |    67 ||   125
       Constrict         |    14 |    14 ||    28
       Tentacles         |     8 |     9 ||    17
  Use: Potion            |       |     1 ||     1
 Stab: Sleeping          |     6 |     1 ||     7
Armor: Skin              |     8 |     5 ||    13
Dodge: Dodged            |    19 |    45 ||    64
Block: Kite shield       |    33 |    39 ||    72

Table legend: (Time is in decaauts)
 A = Elapsed time spent in this place.
 B = Non-inter-level travel time spent in this place.
 C = Inter-level travel time spent in this place.
 D = Time resting spent in this place.
 E = Time spent auto-exploring this place.
 F = Levels seen in this place.
 G = Mean time per level.
                   A        B        C        D        E       F      G
               +--------+--------+--------+--------+--------+-----+--------+
         Total |   3605 |   3524 |     81 |    682 |   2363 |   3 | 1201.7 |
       Dungeon |   3605 |   3524 |     81 |    682 |   2363 |   3 | 1201.7 |
               +--------+--------+--------+--------+--------+-----+--------+

Top non-repeatable levels by time:
     D:2: 1472 daAuts
     D:1: 1126 daAuts
     D:3: 1006 daAuts
